 Dungeon Crawl Stone Soup version 0.23-a0-358-g98c7a59ffc (webtiles) character file.

723 PikkenKukken the Digger (level 8, 0/52 HPs)
             Began as a Formicid Earth Elementalist on Oct 23, 2018.
             Shot with an arrow by a centaur (17 damage)
             ... on level 5 of the Dungeon.
             The game lasted 00:18:10 (7166 turns).

PikkenKukken the Digger (FoEE)                      Turns: 7166, Time: 00:18:11

Health: 0/52       AC:  2    Str: 13    XL:     8   Next: 2%
Magic:  9/15       EV: 12    Int: 17    God:
Gold:   291        SH:  0    Dex: 11    Spells: 7/17 levels left

rFire    . . .     SeeInvis +   i - +0 whip (elec)
rCold    . . .     Gourm    .   (no shield)
rNeg     . . .     Faith    .   c - +0 robe
rPois    .         Spirit   .   (helmet unavailable)
rElec    .         Reflect  .   (no cloak)
rCorr    .         Harm     .   (no gloves)
MR       .....                  (no boots)
Stlth    ++........             (no amulet)
HPRegen  0.17/turn              (no ring)
MPRegen  0.14/turn              (no ring)

@: no status effects
A: permanent stasis, dig shafts and tunnels, four strong arms, antennae 3
a: Dig, Shaft Self


You were on level 5 of the Dungeon.
You were not hungry.

You visited 1 branch of the dungeon, and saw 5 of its levels.

You collected 291 gold pieces.

Inventory:

Hand Weapons
 g - a +0 whip
 i - a +0 whip of electrocution (weapon)
 t - a +0 great sword
Missiles
 b - 95 stones
 q - 7 silver javelins (quivered)
 v - 14 arrows
Armour
 c - a +0 robe (worn)
Jewellery
 u - an uncursed ring of protection from magic {unknown}
Wands
 h - a wand of enslavement (20)
 n - a wand of random effects (24)
 p - a wand of flame (32)
Scrolls
 a - 6 scrolls of identify
 r - a scroll of fog
Potions
 e - 2 potions of curing
 f - a potion of resistance {unknown}
 j - 3 potions of flight
 k - a potion of brilliance {unknown}
 l - a potion of berserk rage {unknown}
 m - a potion of cancellation {unknown}
 o - 2 potions of invisibility {unknown}
Comestibles
 d - 10 rations
 s - 2 chunks of flesh


   Skills:
 - Level 1.7 Dodging
 - Level 4.2 Stealth
 + Level 5.1 Spellcasting
 + Level 4.0 Conjurations
 - Level 1.1 Transmutations
 - Level 6.0 Earth Magic


You had 7 spell levels left.
You knew the following spells:

 Your Spells              Type           Power        Failure   Level  Hunger
a - Sandblast             Erth           ###...       1%          1    None
b - Stone Arrow           Conj/Erth      ###...       5%          3    ###....
c - Petrify               Tmut/Erth      ###.....     32%         4    ####...
d - Sticks to Snakes      Tmut           #.......     14%         2    #......

Your spell library contained the following spells:

 Spells                   Type           Power        Failure   Level  Hunger
 Passwall                 Tmut/Erth      ###.....     4%          2    #......
 Beastly Appendage        Tmut           #.....       9%          1    None
 Spider Form              Tmut/Pois      #.........   32%         3    ###....
 Lee's Rapid Deconstruct  Erth           ###.......   32%         5    ######.
 Ice Form                 Ice/Tmut       #.......     73%         4    ####...
 Blade Hands              Tmut           #.........   94%         5    ######.


Dungeon Overview and Level Annotations

Branches:
Dungeon (5/15)
 Temple: D:4-7

Altars:
Elyvilon
Trog
Xom

Annotations:
D:4 4 runed doors, Armakuni's ghost, amateur TrWz
D:5 2 transporters, Cesh's ghost, novice SpEn


Innate Abilities, Weirdness & Mutations

You cannot be hasted, slowed, berserked, paralysed or teleported.
You can dig through walls and to a lower floor.
Your four strong arms can wield two-handed weapons with a shield.
You have a pair of large antennae on your head. (SInv)


Message History

The centaur shoots an arrow.
The arrow hits you!
You see here an arrow.
Casting: Sandblast (safe; 1% risk of failure)
Confirm with . or Enter, or press ? or * to list all spells.
Aiming: Stone Arrow (safe; 5% risk of failure)
Press: ? - help, Shift-Dir - straight line, f - centaur
Aim: a centaur, wielding a +0 shortbow The stone arrow hits the centaur.
The centaur is moderately wounded.
The centaur shoots an arrow.
The arrow hits you!
Casting: Stone Arrow (safe; 5% risk of failure)
Confirm with . or Enter, or press ? or * to list all spells.
Aiming: Stone Arrow (safe; 5% risk of failure)
Press: ? - help, Shift-Dir - straight line, f/p - centaur
Aim: a centaur, wielding a +0 shortbow (moderately wounded)
The stone arrow hits the centaur.
The centaur is severely wounded.
The centaur shoots an arrow.
The arrow misses you.
The centaur shoots an arrow.
The arrow hits you!
You die...

######..#.##
#.###..##..#
#.#
......####.#
#.# #.#.###
#.# #.#
..#.# ##.##
#c# #.#.#
#...## #.#
#.#.#
#.###.###.#
....# #.
#.รท.#.#
#...# #
#.#.#@#
#...#
..##.#(#
....# ###
#.#.# ##..#
######.#(#
..........#
........###
#########


You could see a centaur.

Vanquished Creatures
  2 ogres
  A scorpion (D:5)
  A crimson imp (D:5)
  A centaur zombie (D:2)
  4 orc priests (D:3)
  A jelly (D:2)
  A hound (D:4)
  3 orc wizards
  A worker ant (D:5)
  2 gnolls (D:2)
  2 adders
  An adder skeleton (D:4)
  A dart slug (D:1)
  2 worms
  3 leopard geckos
  12 orcs
  A ball python (D:5)
  2 giant cockroaches
  8 hobgoblins
  A quokka (D:3)
  13 bats
  8 frilled lizards
  14 goblins
  8 kobolds
  A leopard gecko skeleton (D:4)
  11 rats
105 creatures vanquished.

Notes
Turn   | Place    | Note
-------+----------+-------------------------------------------
     0 | D:1      | PikkenKukken the Formicid Earth Elementalist began the
                  | quest for the Orb.
     0 | D:1      | Reached XP level 1. HP: 13/13 MP: 3/3
   363 | D:1      | Reached XP level 2. HP: 19/19 MP: 3/5
   406 | D:1      | Reached skill level 4 in Earth Magic
  1002 | D:2      | Reached XP level 3. HP: 24/24 MP: 6/6
  1010 | D:2      | Learned a level 3 spell: Stone Arrow
  1599 | D:2      | Reached XP level 4. HP: 16/30 MP: 3/7
  1766 | D:2      | Reached skill level 5 in Earth Magic
  2229 | D:2      | Found a shimmering altar of Xom.
  2306 | D:2      | Reached skill level 1 in Conjurations
  2306 | D:2      | Reached XP level 5. HP: 35/35 MP: 1/8
  2404 | D:2      | Found a bloodstained altar of Trog.
  3495 | D:3      | Reached XP level 6. HP: 29/41 MP: 0/10
  4639 | D:3      | Reached skill level 6 in Earth Magic
  4750 | D:3      | Learned a level 4 spell: Petrify
  5292 | D:4      | Found a runed gate.
  5292 | D:4      | Found a runed gate.
  5292 | D:4      | Found a runed gate.
  5348 | D:4      | Noticed Armakuni's ghost (amateur TrWz)
  5620 | D:4      | Noticed an ogre
  5654 | D:4      | Killed an ogre
  5654 | D:4      | Reached XP level 7. HP: 46/46 MP: 0/13
  6058 | D:4      | Found a runed door.
  6248 | D:5      | Entered Level 5 of the Dungeon
  6339 | D:5      | Found a white marble altar of Elyvilon.
  6657 | D:5      | Learned a level 2 spell: Sticks to Snakes
  6828 | D:5      | Reached skill level 5 in Spellcasting
  6997 | D:5      | Found a transporter.
  6997 | D:5      | Noticed Cesh's ghost (novice SpEn)
  6998 | D:5      | Found a transporter.
  7089 | D:5      | Reached XP level 8. HP: 52/52 MP: 10/15
  7166 | D:5      | Shot with an arrow by a centaur

Vault maps used:
D:1:      co_arrival_square_in_a_square_in_a_square
D:2:      lightli_temple_of_fire, xom_butterflies
D:3:      kennysheep_generic_room_10
D:4:      cheibrodos_greedy_goblins, gammafunk_ghost_icy, first_ration,
          uniq_crazy_yiuf_cottage
D:5:      basic_altar, gammafunk_ghost_hive

Skill      XL: |  1  2  3  4  5  6  7 |
---------------+----------------------+-----
Stealth        | 3 4 |  4.2
Earth Magic    | 4 5 6 |  6.0
Conjurations   | 1 2 4 |  4.0
Spellcasting   | 3 4 5 |  5.1
Dodging        | |  1.7
Transmutations | |  1.1

Action                   |  1- 3 |  4- 6 |  7- 9 || total
-------------------------+-------+-------+-------++-------
Melee: Unarmed           |     5 |       |       ||     5
       Whip              |    70 |   115 |    37 ||   222
Throw: Javelin           |       |     1 |       ||     1
 Cast: Sandblast         |    21 |    20 |    19 ||    60
       Stone Arrow       |       |    24 |     5 ||    29
       Petrify           |       |     1 |     1 ||     2
       Sticks to Snakes  |       |       |     4 ||     4
  Use: Scroll            |     3 |     3 |     1 ||     7
 Stab: Sleeping          |     2 |     6 |     1 ||     9
       Petrified         |       |     5 |       ||     5
  Eat: Chunk             |     2 |    16 |     4 ||    22
       Ration            |       |       |     1 ||     1
Armor: Robe              |    17 |    15 |     5 ||    37
Dodge: Dodged            |    62 |    82 |    21 ||   165

Table legend:
 A = Non-vault XP
 B = Vault XP
 C = Vault XP percentage of total XP
 D = Non-vault monster count
 E = Vault monster count
 F = Vault count percentage of total count
                 A         B        C        D         E       F
            +---------+---------+-------+---------+---------+-------
      Total |    1014 |      19 |   1.8 |      95 |      10 |   9.5
            +---------+---------+-------+---------+---------+-------
        D:1 |      27 |       0 |   0.0 |      16 |       0 |   0.0
        D:2 |     155 |       0 |   0.0 |      31 |       0 |   0.0
        D:3 |     299 |       1 |   0.3 |      26 |       1 |   3.7
        D:4 |     177 |      18 |   9.2 |       9 |       9 |  50.0
        D:5 |     356 |       0 |   0.0 |      13 |       0 |   0.0
            +---------+---------+-------+---------+---------+-------
